 Dungeon Crawl Stone Soup version 0.27-a0-1036-g8e1b44f6bd (webtiles) character file.

Game seed: 4006720335300060136

16 ENesbit the Firebug (level 2, -1/20 HPs)
             Began as a Hill Orc Fire Elementalist on Apr 18, 2021.
             Slain by Natasha (3 damage)
             ... on level 2 of the Dungeon.
             The game lasted 00:03:59 (519 turns).

ENesbit the Firebug (Hill Orc Fire Elementalist)     Turns: 519, Time: 00:04:00

Health: -1/20      AC:  3    Str: 10    XL:     2   Next: 58%
Magic:  1/4        EV: 11    Int: 15    God:
Gold:   14         SH:  0    Dex: 11    Spells: 3/4 levels left

rFire    . . .     SeeInvis .   a - +0 hand axe
rCold    . . .     Faith    .   (no shield)
rNeg     . . .     Spirit   .   c - +0 leather armour
rPois    .         Reflect  .   (no helmet)
rElec    .         Harm     .   (no cloak)
rCorr    .         Rampage  .   (no gloves)
Will     .....                  (no boots)
Stlth    +.........             (no amulet)
HPRegen  0.06/turn              (no ring)
MPRegen  0.09/turn              (no ring)

@: very slightly contaminated, slowed, very slow
A: no striking features
a: no special abilities


You were on level 2 of the Dungeon.
You visited 1 branch of the dungeon, and saw 2 of its levels.

You collected 14 gold pieces.

Inventory:

Hand Weapons
 a - a +0 hand axe (weapon)
Armour
 c - a +0 leather armour (worn)
Potions
 d - a potion of heal wounds {unknown}
 e - 2 potions of berserk rage {unknown}


   Skills:
 + Level 0.4 Armour
 + Level 1.7 Dodging
 + Level 1.6 Stealth
 + Level 1.7 Spellcasting
 + Level 1.1 Conjurations
 + Level 3.7 Fire Magic


You had 3 spell levels left.
You knew the following spells:

 Your Spells              Type           Power      Damage    Failure   Level
a - Foxfire               Conj/Fire      32%        2x1d5     12%         1

Your spell library contained the following spells:

 Spells                   Type           Power      Damage    Failure   Level
 Conjure Flame            Conj/Fire      8%         6-21      34%         3
 Inner Flame              Hex/Fire       6%         N/A       41%         3
 Sticky Flame             Conj/Fire      8%         2d3       75%         4
 Fireball                 Conj/Fire      4%         3d4       97%         5


Dungeon Overview and Level Annotations

Branches:
Dungeon (2/15)

Altars:

Annotations:
D:2 Natasha


Message History

The foxfire hits Natasha but does no damage.
The foxfire hits Natasha.
Natasha is moderately wounded.
Casting: Foxfire (safe; 12% risk of failure)
Press: ? - help, Q - select action Dir - look around, f - activate You conjure some foxfire!
Natasha claws you.
You miss Natasha.
Natasha is moderately wounded.
The foxfire hits Natasha.
Natasha is moderately wounded.
The foxfire hits Natasha.
Natasha is heavily wounded.
Natasha claws you but does no damage. Natasha casts a spell at you.
You feel yourself slow down.
Casting: Foxfire (safe; 12% risk of failure)
Press: ? - help, Q - select action Dir - look around, f - activate You miscast Foxfire.
You are very lightly contaminated with residual magic.
Nothing appears to happen.
Natasha closely misses you.
Casting: Foxfire (safe; 12% risk of failure)
Press: ? - help, Q - select action Dir - look around, f - activate You conjure some foxfire!
Natasha barely misses you. x2
You hit Natasha but do no damage.
Natasha is heavily wounded.
The foxfire hits Natasha.
Natasha is heavily wounded.
The foxfire hits Natasha.
Natasha is heavily wounded.
Natasha stares at you and mumbles some strange words.
You feel as though you will be slow longer.
You hit Natasha.
Natasha is severely wounded.
Natasha claws you!
* * * LOW HITPOINT WARNING * * *
Natasha claws you.
You die...

.###########
........§..#
##...h@§..#
#........#
...........#
.##......<...
#........###
##
..........#
.#
.####......#
.#####
#.######
.#...# #
#######


You could see Natasha.

Vanquished Creatures
  A ball python (D:1)
  2 bats (D:1)
  4 endoplasms (D:1)
  A hobgoblin (D:1)
  2 quokkas (D:1)
  2 kobolds (D:1)
  A rat (D:1)
13 creatures vanquished.

Vanquished Creatures (others)
  26 foxfires
26 creatures vanquished.

Grand Total: 39 creatures vanquished

Notes
Turn   | Place    | Note
-------+----------+-------------------------------------------
     0 | D:1      | ENesbit the Hill Orc Fire Elementalist began the quest for
                  | the Orb.
     0 | D:1      | Reached XP level 1. HP: 14/14 MP: 3/3
   254 | D:1      | Reached XP level 2. HP: 20/20 MP: 2/4
   507 | D:2      | Noticed Natasha
   519 | D:2      | Slain by Natasha

Illustrated notes

Levels and vault maps discovered:
D:1:      co_arrival_square_in_a_square_in_a_square, layout_rooms,
          minmay_misc_feat_tiny
D:2:      layout_loops_cross, uniq_natasha

Action                   || total
-------------------------++-------
Melee: Whip              ||     2
       Hand axe          ||    16
 Cast: Foxfire           ||    13
 Stab: Sleeping          ||     1
Armor: Leather armour    ||    12
Dodge: Dodged            ||    16

Table legend: (Time is in decaauts)
 A = Elapsed time spent in this place.
 B = Non-inter-level travel time spent in this place.
 C = Inter-level travel time spent in this place.
 D = Time resting spent in this place.
 E = Time spent auto-exploring this place.
 F = Levels seen in this place.
 G = Mean time per level.
                   A        B        C        D        E       F      G
               +--------+--------+--------+--------+--------+-----+--------+
         Total |    526 |    526 |      0 |      0 |    319 |   2 |  263.0 |
       Dungeon |    526 |    526 |      0 |      0 |    319 |   2 |  263.0 |
               +--------+--------+--------+--------+--------+-----+--------+

Top non-repeatable levels by time:
     D:1: 495 daAuts
     D:2: 30 daAuts
